 Dungeon Crawl Stone Soup version 0.30.1-11-g7821555f0a (webtiles) character file.

Game seed: 16362731055531341690

4750 Ekaitz the Zephyrmancer (level 10, -11/58 HPs)
             Began as a Tengu Air Elementalist on Dec 20, 2023.
             Was a Follower of Vehumet.
             Mangled by a wyvern (13 damage)
             ... on level 8 of the Dungeon.
             The game lasted 00:19:16 (9078 turns).

Ekaitz the Zephyrmancer (Tengu Air Elementalist)    Turns: 9078, Time: 00:19:17

Health: -11/58     AC:  6    Str:  9    XL:     10   Next: 46%
Magic:  7/29       EV: 16    Int: 18    God:    Vehumet [*.....]
Gold:   492        SH:  5    Dex: 16    Spells: 10/21 levels left

rFire   + . .        f - +0 long sword
rCold   . . .        (no shield)
rNeg    + . .        w - +1 leather armour {rF+}
rPois   .            n - +0 hat
rElec   .            y - +0 cloak
rCorr   .            C - +0 pair of gloves
SInv    .            (boots unavailable)
Will    .....        z - amulet of reflection
Stlth   ++           a - ring of magical power
HPRegen 0.29/turn    N - ring of positive energy
MPRegen 0.21/turn

%: reflection
@: flying quickly and evasively, studying Necromancy, quick
A: beak, talons 3, nimble flight
a: Renounce Religion


You were on level 8 of the Dungeon.
You worshipped Vehumet.
Vehumet was aware of your devotion.
You visited 2 branches of the dungeon, and saw 9 of its levels.
You also visited: Ossuary.

You collected 492 gold pieces.

Inventory:

Hand Weapons
 f - a +0 long sword (weapon)
 s - a +2 dagger of draining
 O - a +3 halberd of venom
 P - a +3 dagger
Missiles
 x - 2 throwing nets
 M - 11 poisoned darts
Armour
 n - a +0 hat (worn)
 w - a +1 leather armour of fire resistance (worn)
 y - a +0 cloak (worn)
 C - a +0 pair of gloves (worn)
 L - +0 steam dragon scales
Jewellery
 a - a ring of magical power (left hand)
 q - the amulet of Wugeasch {Faith rElec rN+ Int+6 Dex-4}
   (You took it off a hobgoblin on level 3 of the Dungeon)

   [amulet of faith]

   It allows you to gain divine favour quickly.
   Int:       It affects your intelligence (+6).
   Dex:       It affects your dexterity (-4).
   rElec:     It insulates you from electricity.
   rN:        It protects you from negative energy.
 z - an amulet of reflection (around neck)
 E - a ring of fire
 N - a ring of positive energy (right hand)
Wands
 B - a wand of mindburst (1)
 D - a wand of iceblast (3)
Scrolls
 d - a scroll of teleportation {unknown}
 e - 3 scrolls of enchant armour {unknown}
 g - a scroll of butterflies {unknown}
 j - 3 scrolls of silence {unknown}
 k - 20 scrolls of identify {unknown}
 l - 3 scrolls of immolation {unknown}
 o - 2 scrolls of vulnerability {unknown}
 r - 2 scrolls of brand weapon {unknown}
 v - a scroll of poison {unknown}
 A - a scroll of amnesia {unknown}
 F - 2 scrolls of magic mapping {unknown}
 I - a scroll of fear {unknown}
Potions
 b - a potion of magic
 c - 3 potions of heal wounds {unknown}
 h - 2 potions of degeneration {unknown}
 i - 4 potions of mutation {unknown}
 m - 3 potions of haste {unknown}
 p - a potion of curing {unknown}
 t - 3 potions of lignification {unknown}
 u - 3 potions of brilliance {unknown}
 G - a potion of berserk rage {unknown}
 H - 2 potions of flight {unknown}
 J - 2 potions of cancellation {unknown}
 K - 2 potions of ambrosia {unknown}


   Skills:
 * Level 4.5 Fighting
 + Level 1.7 Long Blades
 + Level 2.1 Armour
 * Level 5.3 Dodging
 + Level 3.4 Stealth
 + Level 1.3 Shields
 + Level 6.3 Spellcasting
 * Level 8.8 Conjurations
 * Level 0.2 Fire Magic
 * Level 10.3 Air Magic
 * Level 4.7 Evocations


You had 10 spell levels left.
You knew the following spells:

 Your Spells              Type           Power      Damage    Failure   Level
a - Shock                 Conj/Air       100%       1d9       1%          1
b - Static Discharge      Conj/Air       80%        2-6/arc   1%          2
c - Swiftness             Air            42%        N/A       1%          3
d - Airstrike             Air            21%        2d(3-19)  2%          4
e - Foxfire               Conj/Fire      84%        2x1d8     2%          1

Your spell library contained the following spells:

 Spells                   Type           Power      Damage    Failure   Level
 Lesser Beckoning         Tloc           10%        N/A       24%         2
 Flame Wave               Conj/Fire      21%        2d8       24%         4
 Sticky Flame             Conj/Fire      21%        2d4       24%         4
 Inner Flame              Hex/Fire       6%         N/A       41%         3
 Gell's Gravitas          Tloc           5%         N/A       43%         3
 Portal Projectile        Hex/Tloc       10%        N/A       43%         3
 Teleport Other           Tloc           5%         N/A       43%         3
 Tukima's Dance           Hex            5%         N/A       43%         3
 Irradiate                Conj/Tmut      10%        3d15      58%         5
 Blade Hands              Tmut           2%         N/A       99%         5
 Dragon Form              Tmut           2%         N/A       100%        7


Dungeon Overview and Level Annotations

Branches:
Dungeon (8/15)             Temple (1/1) D:7         Ossuary (visited)
   Lair: D:8-11

Altars:
Ashenzari
Cheibriados
Dithmenos
Elyvilon
Fedhas
Gozag
Hepliaklqana
Kikubaaqudgha
Makhleb
Nemelex Xobeh
Okawaru
Qazlal
Ru
Sif Muna
Trog
Uskayaw
Vehumet
Yredelemnul
Zin
The Shining One

Shops:
D:3 [

Annotations:
D:6 2 runed translucent doors, whendricso's ghost, novice DjHW
D:8 1 transporter, jfcaron's ghost, novice DjFi


Innate Abilities, Weirdness & Mutations

You have a beak for a mouth.
You have claws for feet.
Your magical nature lets you fly swiftly and evasively.


Message History

Aiming: Airstrike (dangerous; 2% risk of failure)
Press: ? - help, Dir - move target, f/p - wyvern
Aim: a wyvern (heavily wounded, empty space bonus: 1/8)
The air twists around and strikes the wyvern.
The wyvern is heavily wounded.
The wyvern bites you!
* * * LOW HITPOINT WARNING * * *
The wyvern closely misses you. The wyvern attacks as you move away!
The wyvern misses you.
Casting: Airstrike (dangerous; 2% risk of failure)
Confirm with . or Enter, or press ? or * to list all spells.
Okay, then.
The wyvern attacks as you move away! The wyvern misses you.
You block the wyvern's attack.
Casting: Airstrike (dangerous; 2% risk of failure)
Confirm with . or Enter, or press ? or * to list all spells.
Aiming: Airstrike (dangerous; 2% risk of failure)
Press: ? - help, Dir - move target, f/p - wyvern
Aim: a wyvern (heavily wounded, empty space bonus: 2/8)
The air twists around and strikes the wyvern.
The wyvern is severely wounded.
The wyvern bites you!
* * * LOW HITPOINT WARNING * * *
Casting: Airstrike (dangerous; 2% risk of failure)
Confirm with . or Enter, or press ? or * to list all spells.
Aiming: Airstrike (dangerous; 2% risk of failure)
Press: ? - help, Dir - move target, f/p - wyvern
Aim: a wyvern (severely wounded, empty space bonus: 2/8)
The air twists around and strikes the wyvern.
The wyvern is severely wounded.
The wyvern barely misses you. The wyvern misses you.
Unknown command.
Casting: Airstrike (dangerous; 2% risk of failure)
Confirm with . or Enter, or press ? or * to list all spells.
Aiming: Airstrike (dangerous; 2% risk of failure)
Press: ? - help, Dir - move target, f/p - wyvern
Aim: a wyvern (severely wounded, empty space bonus: 2/8)
The air twists around and strikes the wyvern but does no damage.
The wyvern bites you!
You die...

............##.............#
#.
.####.##..#.##..###...#.##.#
#. .#..............# #.#.#.#
.# #. .####.#...#######
####### ## ## .# #.#...# .#
#.#...# ## ## #.#...# #.####
#.#...#######l..#
#...........@###...#
###...##.##### ###..#
#...#### .. ##..# ##.# ..#
... .....###.
####...##......


You could see a wyvern.

Vanquished Creatures
  Pikel (D:8)
  4 wyverns
  3 yaks (D:8)
  A vampire mosquito (D:8)
  A steam dragon (D:7)
  2 water moccasins (D:7)
  3 ice beasts
  2 ogres
  3 centaurs
  A phantom (D:7)
  4 lemures (D:8)
  2 kobold brigands
  3 bullfrogs
  A gnoll sergeant (D:8)
  6 scorpions
  4 killer bees (D:7)
  2 howler monkeys (D:7)
  3 orc priests (D:8)
  4 jellies
  4 hounds
  Ijyb (D:5)
  3 iguanas
  5 orc wizards
  13 mummies (Ossuary)
  18 gnolls
  6 adders
  2 worms (D:3)
  A dart slug (D:2)
  17 orcs
  4 ball pythons (D:2)
  11 endoplasms
  5 giant cockroaches
  5 goblins
  10 hobgoblins
  4 quokkas
  9 bats
  3 frilled lizards (D:1)
  A gnoll skeleton (Ossuary)
  3 goblin skeletons (Ossuary)
  A goblin zombie (D:6)
  13 kobolds
  A kobold skeleton (Ossuary)
  3 orc skeletons (Ossuary)
  4 rats
  11 rat skeletons (Ossuary)
  A rat zombie (D:6)
209 creatures vanquished.

Vanquished Creatures (others)
  7 foxfires (D:8)
7 creatures vanquished.

Grand Total: 216 creatures vanquished

Notes
Turn   | Place    | Note
-------+----------+-------------------------------------------
     0 | D:1      | Ekaitz the Tengu Air Elementalist began the quest for the
                  | Orb.
     0 | D:1      | Reached XP level 1. HP: 10/10 MP: 4/4
   276 | D:1      | Reached XP level 2. HP: 13/15 MP: 3/6
   325 | D:1      | Learned a level 2 spell: Static Discharge
  1009 | D:2      | Reached XP level 3. HP: 20/20 MP: 5/7
  1013 | D:2      | Learned a level 3 spell: Swiftness
  1292 | D:2      | Found a bloodstained altar of Trog.
  1734 | D:2      | Reached skill level 5 in Air Magic
  2039 | D:3      | Reached XP level 4. HP: 24/24 MP: 3/8
  2585 | D:3      | Found a white marble altar of Elyvilon.
  2592 | D:3      | Gained mutation: Your magical nature lets you fly swiftly
                  | and evasively. [Tengu growth]
  2592 | D:3      | Reached XP level 5. HP: 28/28 MP: 3/10
  2658 | D:3      | Identified the amulet of Wugeasch {Faith rElec rN+ Int+6
                  | Dex-4}
  2725 | D:3      | Noticed an ice beast
  2743 | D:3      | Reached skill level 1 in Fighting
  2748 | D:3      | Killed an ice beast
  2754 | D:3      | Learned a level 4 spell: Airstrike
  2870 | D:3      | Reached skill level 1 in Long Blades
  2964 | D:3      | Found Equenyegh's Armour Shoppe.
  3142 | D:3      | Found an ancient bone altar of Kikubaaqudgha.
  3230 | D:4      | Reached XP level 6. HP: 34/34 MP: 7/11
  3500 | D:4      | Reached skill level 6 in Air Magic
  3590 | D:4      | Found a stormy altar of Qazlal.
  3592 | D:4      | Found a sparkling altar of Nemelex Xobeh.
  3922 | D:4      | Reached XP level 7. HP: 38/38 MP: 13/13
  4192 | D:5      | Entered Level 5 of the Dungeon
  4579 | D:5      | Reached skill level 5 in Conjurations
  4721 | D:5      | Noticed Ijyb
  4824 | D:5      | Killed Ijyb
  5022 | D:5      | Reached skill level 1 in Armour
  5022 | D:5      | Reached skill level 7 in Air Magic
  5022 | D:5      | Reached XP level 8. HP: 44/44 MP: 15/15
  5349 | D:5      | Found a burning altar of Makhleb.
  5481 | D:6      | Reached skill level 1 in Evocations
  5529 | D:6      | Found a sand-covered staircase.
  5759 | Ossuary  | Entered an ossuary
  6153 | Ossuary  | Reached skill level 8 in Air Magic
  6569 | D:6      | Found a large runed translucent door.
  6590 | D:6      | Reached XP level 9. HP: 25/51 MP: 15/17
  6695 | D:6      | Found a large runed translucent door.
  6710 | D:6      | Noticed whendricso's ghost (novice DjHW)
  6769 | D:6      | Found a glowing silver altar of Zin.
  7084 | D:7      | Reached skill level 5 in Spellcasting
  7188 | D:7      | Reached skill level 1 in Shields
  7329 | D:7      | Found a staircase to the Ecumenical Temple.
  7337 | Temple   | Entered the Ecumenical Temple
  7559 | Temple   | Became a worshipper of Vehumet
  7944 | D:7      | Reached skill level 9 in Air Magic
  8181 | D:8      | Noticed a moth of wrath
  8181 | D:8      | Noticed a troll
  8185 | D:8      | Noticed jfcaron's ghost (novice DjFi)
  8196 | D:8      | Found a transporter.
  8226 | D:8      | Reached skill level 5 in Dodging
  8227 | D:8      | Reached XP level 10. HP: 18/56 MP: 6/19
  8764 | D:8      | Noticed Pikel
  8767 | D:8      | Reached * piety under Vehumet
  8767 | D:8      | Offered knowledge of Foxfire by Vehumet.
  8789 | D:8      | Killed Pikel
  8790 | D:8      | Reached skill level 10 in Air Magic
  8873 | D:8      | Learned a level 1 spell: Foxfire
  9076 | D:8      | HP: 2/58 [wyvern (16)]
  9078 | D:8      | Mangled by a wyvern

Illustrated notes

Levels and vault maps discovered:
D:1:      lightli_arrival_lavapool, layout_basic
D:2:      layout_basic, basic_altar
D:3:      layout_rooms, elyvilon_altar_1, mainiacjoe_overflow_alcove_1,
          serial_shops, shop, guppyfry_early_orc_mine
D:4:      layout_loops_ring, jmf_multi_god_temple, minmay_distorted
D:5:      layout_loops_ring, makhleb_heckhound_becter, serial_bayou_pond_b,
          uniq_ijyb
D:6:      layout_basic, zin_scriptorium, ebering_ghost_disaster_area,
          enter_ossuary_4
D:7:      layout_rooms, minmay_temple_entry_mini_moons
D:8:      layout_basic, nicolae_wu_jian_glorious_leap, erik_lair_dragon,
          gammafunk_ghost_wrathful_warriors, minmay_manual_monolith, uniq_pikel
Temple:   dpeg_chambers_temple

Skill      XL: |  1  2  3  4  5  6  7  8  9 10 |
---------------+-------------------------------+-----
Conjurations   | 2 3 4 5 6 8 |  8.8
Air Magic      | 5 6 7 8 9 10 | 10.3
Fighting       | 1 2 3 4 |  4.5
Spellcasting   | 3 4 5 6 |  6.3
Long Blades    | 1 |  1.7
Dodging        | 3 4 5 |  5.3
Armour         | 1 2 |  2.1
Evocations     | 2 3 4 |  4.7
Stealth        | 3 |  3.4
Shields        | 1 |  1.3
Fire Magic     | |  0.2

Action                     |  1- 3 |  4- 6 |  7- 9 | 10-12 || total
---------------------------+-------+-------+-------+-------++-------
  Melee: Falchion          |     1 |     3 |       |       ||     4
         Long sword        |       |    11 |    24 |    12 ||    47
         Kick              |       |     3 |     7 |     3 ||    13
         Peck              |       |     1 |     5 |     4 ||    10
         Punch             |       |       |     1 |       ||     1
   Cast: Shock             |    79 |    97 |   228 |    37 ||   441
         Static Discharge  |       |     8 |    28 |     5 ||    41
         Airstrike         |       |       |    10 |    17 ||    27
         Foxfire           |       |       |       |     4 ||     4
   Stab: Sleeping          |     1 |     1 |     2 |       ||     4
 Armour: Robe              |     3 |     4 |       |       ||     7
         Leather armour    |       |     1 |    17 |     5 ||    23
  Dodge: Dodged            |     3 |    18 |    55 |    44 ||   120
  Block: Other             |       |       |    18 |    10 ||    28
         Reflection        |       |       |     4 |     1 ||     5
